 Dungeon Crawl Stone Soup version 0.31-a0-841-g038b102fc3 (webtiles) character file.

Game seed: 8882043167382663809

486 Kurtz the Chopper (level 7, -12/46 HPs)
             Began as an Octopode Fighter on Sept 27, 2023.
             Was a Follower of Qazlal.
             Mangled by an ogre
             ... wielding a +0 giant club
              (22 damage)
             ... on level 5 of the Dungeon.
             The game lasted 00:02:35 (3282 turns).

Kurtz the Chopper (Octopode Fighter)                Turns: 3282, Time: 00:02:36

Health: -12/46     AC:  1    Str: 15    XL:     7   Next: 13%
Magic:  8/8        EV: 13    Int: 11    God:    Qazlal [*.....]
Gold:   131        SH:  6    Dex: 13    Spells: 6/6 levels left

rFire   . . .        a - +0 war axe
rCold   . . .        b - +0 buckler
rNeg    . . .        (helmet restricted)
rPois   .            (no amulet)
rElec   .            (no ring)
rCorr   .            (no ring)
SInv    .            (no ring)
Will    .....        (no ring)
Stlth   ++           (no ring)
HPRegen 0.27/turn    (no ring)
MPRegen 0.11/turn    (no ring)
                     (no ring)

%: no passive effects
@: no status effects
A: almost no armour, amphibious, 8 rings, camouflage 1, gelatinous body 1,
(nimble swimmer 1), tentacles
a: Renounce Religion


You were on level 5 of the Dungeon.
You worshipped Qazlal.
Qazlal was aware of your devotion.
You visited 1 branch of the dungeon, and saw 5 of its levels.

You collected 131 gold pieces.

Inventory:

Hand Weapons
 a - a +0 war axe (weapon)
Missiles
 f - 7 poisoned darts (quivered)
Armour
 b - a +0 buckler (worn)
Wands
 m - a wand of charming (3)
Scrolls
 d - 2 scrolls of poison {unknown}
 h - a scroll of immolation {unknown}
 i - a scroll of silence {unknown}
 k - 5 scrolls of identify {unknown}
Potions
 c - a potion of mutation {unknown}
 e - 3 potions of attraction {unknown}
 g - a potion of degeneration {unknown}
 j - 5 potions of haste {unknown}
 l - a potion of invisibility {unknown}
 n - a potion of enlightenment {unknown}
 o - a potion of brilliance {unknown}
 p - a potion of ambrosia {unknown}


   Skills:
 + Level 3.2 Fighting
 * Level 7.1 Axes
 - Level 3.0 Dodging
 - Level 3.0 Shields
 * Level 1.7 Invocations


You had 6 spell levels left.
You didn't know any spells.
Your spell library contained the following spells:

 Spells                   Type           Power      Damage    Failure   Level
 Kiss of Death            Conj/Necr      0%         2d5       43%         1
 Magic Dart               Conj           0%         1d3       43%         1
 Summon Small Mammal      Summ           0%         N/A       43%         1
 Call Imp                 Summ           0%         N/A       56%         2
 Sublimation of Blood     Necr           0%         N/A       56%         2
 Wereblood                Tmut           0%         N/A       56%         2
 Call Canine Familiar     Summ           0%         N/A       80%         3
 Confusing Touch          Hex            0%         N/A       80%         3
 Mephitic Cloud           Conj/Pois/Air  0%         N/A       80%         3
 Summon Guardian Golem    Hex/Summ       0%         N/A       80%         3
 Dispel Undead            Necr           0%         3d6       99%         4
 Summon Hydra             Summ           0%         N/A       100%        7


Dungeon Overview and Level Annotations

Branches:
Dungeon (5/15)             Temple (0/1) D:4

Altars:
Qazlal
Ru

Shops:
D:4 [


Innate Abilities, Weirdness & Mutations

You cannot wear most types of armour.
You are amphibious.
You can wear up to eight rings at the same time.
Your skin changes colour to match your surroundings (Stealth+).
Your rubbery body absorbs attacks. (AC +1, EV +1)
((You are camouflaged when in or above water. (Stealth+)))
You have tentacles for arms and can constrict up to eight enemies at once.


Message History

There is a stone staircase leading down, spattered with blood here.
Things that are here:
a +0 dagger; a +0 robe
Things that are here:
a +0 club; a +0 ring mail Key pressed, stopping explore.
No target in view!
Done exploring.
No target in view!
Done exploring.
No target in view!
Done exploring.
No target in view!
No target in view!
Done exploring.
No target in view!
Things that are here:
a +0 club; a +0 ring mail
There is a stone staircase leading down, spattered with blood here.
Things that are here:
a +0 dagger; a +0 robe You climb downwards.
The ogre shouts!
The iguana misses you.
There is a stone staircase leading up here.
There are monsters nearby!
There are monsters nearby!
You hit the iguana. You grab the iguana.
You squeeze the iguana, but do no damage.
The iguana is lightly wounded.
You constrict the iguana. You block the iguana's attack.
You hit the iguana. You squeeze the iguana!
You kill the iguana!
Qazlal accepts your kill.
You barely miss the ogre.
The ogre hits you with a +0 giant club!!!
Ouch! That really hurt!
* * * LOW HITPOINT WARNING * * *
The ogre hits you with a +0 giant club!!
You die...

##... #... #
#... #. #.. #
. #.###.. .#
..
#.....##.#...
#.....#......
#...ยง<.......
#....@O......
#....$....###
#........##
#.###....# #.
#....# #
#....# #....#
...#+#


You could see an ogre.

Vanquished Creatures
  A scorpion (D:4)
  A howler monkey (D:4)
  An orc priest (D:3)
  4 orc wizards
  4 iguanas
  8 adders
  10 orcs
  6 ball pythons
  6 bats
  6 endoplasms
  4 giant cockroaches (D:2)
  4 goblins
  6 hobgoblins
  2 jackals (D:3)
  6 quokkas
  2 frilled lizards (D:2)
  4 kobolds
  3 rats
  A spectral hobgoblin (D:3)
79 creatures vanquished.

Vanquished Creatures (collateral kills)
  A goblin (D:3)
1 creature vanquished.

Grand Total: 80 creatures vanquished

Notes
Turn   | Place    | Note
-------+----------+-------------------------------------------
     0 | D:1      | Kurtz the Octopode Fighter began the quest for the Orb.
     0 | D:1      | Reached XP level 1. HP: 16/16 MP: 1/1
   343 | D:1      | Reached XP level 2. HP: 21/21 MP: 2/2
   483 | D:1      | Reached skill level 3 in Axes
   918 | D:2      | Reached XP level 3. HP: 26/26 MP: 3/3
   991 | D:2      | Reached skill level 4 in Axes
  1012 | D:2      | Reached XP level 4. HP: 28/31 MP: 4/4
  1695 | D:3      | Found a stormy altar of Qazlal.
  1723 | D:3      | Became a worshipper of Qazlal Stormbringer
  1821 | D:3      | Found a faded altar of an unknown god.
  1859 | D:3      | Reached skill level 5 in Axes
  1859 | D:3      | Reached XP level 5. HP: 12/36 MP: 5/5
  2093 | D:3      | Noticed an ice beast
  2204 | D:4      | Reached skill level 1 in Invocations
  2204 | D:4      | Reached XP level 6. HP: 42/42 MP: 6/6
  2221 | D:5      | Entered Level 5 of the Dungeon
  2232 | D:4      | Reached skill level 6 in Axes
  2321 | D:4      | Found a sacrificial altar of Ru.
  2459 | D:4      | Reached * piety under Qazlal
  2534 | D:4      | Found Jeirrigo's Armour Shoppe.
  2596 | D:4      | Found a staircase to the Ecumenical Temple.
  2892 | D:4      | Reached skill level 7 in Axes
  2892 | D:4      | Reached XP level 7. HP: 30/46 MP: 8/8
  3282 | D:5      | Mangled by an ogre

Illustrated notes

Levels and vault maps discovered:
D:1:      dpeg_arrival_houses_and_road, layout_basic, minmay_hedge_maze
D:2:      layout_basic
D:3:      layout_loops_cross, old_standard_altar,
          dreamdust_ecumenical_altar_drowned_temple, uniq_ijyb
D:4:      layout_basic, nicolae_ru_awakened_eye,
          minmay_temple_entry_sparse_star, serial_shops, nicolae_square_shop
D:5:      layout_basic, minmay_misc_feat_pillars

Skill      XL: |  1  2  3  4  5  6 |
---------------+-------------------+-----
Axes           | 3 4 5 7 |  7.1
Invocations    | 1 |  1.7
Fighting       | |  3.2
Dodging        | |  3.0
Shields        | |  3.0

Action                     |  1- 3 |  4- 6 |  7- 9 || total
---------------------------+-------+-------+-------++-------
  Melee: War axe           |    45 |   119 |     8 ||   172
         Tentacles         |     7 |    23 |     3 ||    33
         Constrict         |     8 |    24 |     3 ||    35
         Punch             |       |     2 |       ||     2
  Throw: Dart              |       |     1 |       ||     1
  Evoke: Wand              |       |     3 |       ||     3
    Use: Potion            |       |     1 |       ||     1
   Stab: Sleeping          |     6 |     8 |       ||    14
 Armour: Skin              |    19 |    56 |     2 ||    77
  Dodge: Dodged            |    26 |    59 |     5 ||    90
  Block: Buckler           |     8 |    23 |     2 ||    33

Table legend: (Time is in decaauts)
 A = Elapsed time spent in this place.
 B = Non-inter-level travel time spent in this place.
 C = Inter-level travel time spent in this place.
 D = Time resting spent in this place.
 E = Time spent auto-exploring this place.
 F = Levels seen in this place.
 G = Mean time per level.
                   A        B        C        D        E       F      G
               +--------+--------+--------+--------+--------+-----+--------+
         Total |   3331 |   3197 |    134 |    387 |   2201 |   5 |  666.2 |
       Dungeon |   3331 |   3197 |    134 |    387 |   2201 |   5 |  666.2 |
               +--------+--------+--------+--------+--------+-----+--------+

Top non-repeatable levels by time:
     D:4: 1107 daAuts
     D:1: 921 daAuts
     D:3: 684 daAuts
     D:2: 612 daAuts
     D:5: 5 daAuts
